Map: Orbital Shipyard

Players

Javert

  • Race: Zerg Zerg
  • League: Gold

Inverse - Winner!

  • Race: Protoss Protoss
  • League: Gold

VOD

Have the link to the VOD?

Description

Time

  • Played on: Sept. 11, 2015, 11:54 p.m.
  • Length: 14:57
Show
View Real Time Build Order
Export as new Build Order

Javert Zerg 

Build Orders: Hatch First, Lurkers 

Get SALT Encoding   

  12  0:01  Drone  
  13  0:15  Overlord  
  13  0:20  Drone  
  14  0:34  Drone x2  
  16  0:38  Drone  
  17  0:58  Hatchery  
  17  1:01  Drone  
  17  1:04  Drone  
  18  1:13  Drone  
  19  1:20  Drone  
  20  1:31  Drone  
  21  1:35  Spawning Pool  
  20  1:51  Hatchery  
  19  1:57  Extractor  
  19  1:58  Drone  
  19  1:59  Overlord  
  19  2:07  Drone  
  20  2:12  Drone  
  21  2:21  Queen  
  23  2:25  Queen  
  25  2:32  Zergling x4  
  27  2:41  Drone x3  
  31  2:58  Drone x3  
  31  2:59  Drone  
  31  3:02  Metabolic Boost  
  34  3:10  Queen  
  34  3:12  Overlord  
  36  3:19  Drone x2  
  38  3:24  Drone x3  
  41  3:30  Queen  
  43  3:36  Drone x3  
  43  3:37  Drone  
  47  3:46  Overlord  
  47  3:54  Overlord x2  
  47  4:01  Drone x3  
  50  4:06  Overlord  
  50  4:08  Drone x4  
  54  4:14  Overlord  
  53  4:24  Zergling x2  
  53  4:25  Zergling x18  
  63  4:32  Zergling x4  
  63  4:33  Zergling x2  
  63  4:36  Spore Crawler  
  63  4:37  Spore Crawler  
  64  4:40  Spore Crawler  
  63  4:46  Spine Crawler, Zergling x2  
  63  4:47  Zergling x10  
  68  4:56  Drone x4  
  68  4:57  Drone  
  73  5:04  Overlord x2  
  65  5:15  Drone  
  65  5:16  Drone x7  
  65  5:21  Drone  
  73  5:22  Lair  
  73  5:24  Extractor  
  73  5:26  Roach Warren, Drone x2  
  73  5:27  Drone x2  
  74  5:29  Extractor  
  74  5:31  Extractor  
  74  5:32  Drone x2  
  74  5:43  Drone x5  
  74  5:48  Spore Crawler  
  78  5:51  Spore Crawler  
  78  5:55  Extractor  
  78  5:56  Extractor  
  75  5:58  Overlord  
  75  6:03  Evolution Chamber  
  74  6:04  Overlord x2  
  70  6:17  Roach x2  
  70  6:18  Roach x8  
  88  6:21  Glial Reconstitution  
  89  6:25  Drone x3  
  89  6:26  Drone x2, Overlord  
  89  6:27  Evolution Chamber  
  92  6:33  Spore Crawler  
  92  6:38  Roach  
  92  6:39  Roach x3  
  99  6:41  Overlord  
  99  6:45  Zerg Missile Weapons Level 1, Hydralisk Den  
  98  6:50  Overlord x2  
  98  6:51  Drone x4  
  102  6:56  Drone x3  
  105  7:02  Roach  
  105  7:03  Roach x2  
  105  7:07  Zerg Ground Armor Level 1  
  111  7:15  Overlord x2  
  110  7:16  Drone x4  
  110  7:19  Overlord x2  
  114  7:23  Drone x4  
  103  7:38  Roach x4  
  103  7:39  Roach x2  
  103  7:44  Hatchery  
  106  7:46  Muscular Augments  
  106  7:53  Hydralisk  
  106  7:54  Hydralisk  
  106  7:55  Hydralisk  
  112  8:01  Overlord  
  112  8:02  Hydralisk x3  
  112  8:03  Hydralisk  
  119  8:10  Overlord x2  
  119  8:20  Hydralisk x3  
  125  8:28  Overlord  
  125  8:29  Queen  
  125  8:35  Hydralisk x3  
  125  8:37  Hatchery  
  128  8:52  Hydralisk  
  128  8:53  Hydralisk x5  
  140  8:57  Zerg Missile Weapons Level 2  
  140  9:07  Ravager x2  
  140  9:08  Ravager x8  
  150  9:11  Zergling x8  
  150  9:16  Spine Crawler  
  153  9:19  Roach x2  
  157  9:28  Burrow  
  157  9:30  Overlord x2  
  101  10:05  Spore Crawler  
  101  10:06  Hydralisk x2  
  101  10:07  Hydralisk x11  
  98  10:11  Lurker Den  
  98  10:13  Drone x2  
  121  10:28  Hatchery  
  120  10:33  Overlord  
  120  10:36  Overlord  
  120  10:53  Drone x5  
  120  10:54  Drone x2  
  127  11:09  Drone x3  
  127  11:10  Drone  
  131  11:12  Hydralisk x4  
  131  11:13  Hydralisk x3  
  145  11:43  Lurker x5  
  145  11:44  Drone, Lurker x4  
  145  11:45  Lurker  
  145  11:46  Extractor  
  154  11:48  Extractor  
  154  11:51  Roach x5  
  163  12:00  Hatchery  
  162  12:07  Overlord x2  
  162  12:09  Roach x8  
  162  12:10  Roach  
  129  12:31  Roach  
  129  12:32  Roach x9  
  137  12:49  Overlord, Hydralisk  
  137  12:50  Hydralisk x7  
  136  12:58  Overlord x2  
  132  12:59  Drone x4  
  136  13:07  Hydralisk x2  
  140  13:15  Ravager  
  140  13:16  Ravager x3  
  140  13:17  Hatchery  
  143  13:22  Drone x6  
  149  13:27  Spine Crawler  
  149  13:30  Spine Crawler  
  147  13:38  Infestation Pit  
  143  13:45  Hydralisk  
  143  13:46  Hydralisk x5  
  155  13:59  Overseer  
  155  14:00  Overseer x2  
  155  14:08  Roach  
  155  14:09  Roach x6  
  169  14:12  Spore Crawler  
  169  14:16  Baneling Nest  
  167  14:21  Spine Crawler  
  166  14:26  Hydralisk x4  
  176  14:34  Drone x2, Extractor  
  176  14:35  Drone  
  176  14:37  Extractor  
  177  14:39  Drone  
  177  14:40  Drone x2  
Show
View Real Time Build Order
Export as new Build Order

Inverse Protoss - Winner!

Build Orders: Nexus First 

Get SALT Encoding   

  12  0:01  Probe (Chrono Boost)  
  13  0:11  Probe (Chrono Boost)  
  14  0:22  Pylon  
  14  0:24  Probe (Chrono Boost)  
  15  0:40  Probe (Chrono Boost)  
  16  0:50  Probe (Chrono Boost)  
  17  1:01  Nexus  
  17  1:02  Probe (Chrono Boost)  
  18  1:11  Pylon  
  18  1:14  Probe (Chrono Boost)  
  19  1:29  Gateway  
  19  1:32  Probe (Chrono Boost)  
  20  1:42  Probe (Chrono Boost)  
  20  1:46  Assimilator  
  21  1:48  Assimilator  
  21  1:53  Probe (Chrono Boost)  
  22  2:03  Probe (Chrono Boost)  
  23  2:13  Probe (Chrono Boost)  
  23  2:15  Probe (Chrono Boost)  
  24  2:19  Cybernetics Core  
  24  2:22  Zealot  
  27  2:23  Probe (Chrono Boost)  
  28  2:33  Probe x2 (Chrono Boost)  
  30  2:43  Probe x2 (Chrono Boost)  
  32  2:49  Pylon  
  32  2:53  Probe (Chrono Boost)  
  32  2:54  Warp Gate (Chrono Boost)  
  32  2:55  Pylon  
  32  2:57  Probe (Chrono Boost)  
  34  2:59  Forge  
  34  3:04  Probe (Chrono Boost)  
  34  3:05  Adept  
  37  3:10  Mothership Core (Chrono Boost)  
  39  3:15  Probe (Chrono Boost)  
  40  3:22  Stargate  
  40  3:25  Probe (Chrono Boost)  
  41  3:27  Probe (Chrono Boost)  
  42  3:38  Adept  
  42  3:39  Photon Cannon  
  44  3:42  Probe (Chrono Boost)  
  44  3:46  Probe  
  44  3:48  Assimilator  
  46  3:51  Pylon  
  46  3:53  Photon Cannon, Assimilator  
  46  3:54  Probe  
  46  3:59  Pylon  
  47  4:03  Probe  
  47  4:05  Phoenix (Chrono Boost)  
  50  4:15  Probe  
  51  4:26  Protoss Ground Weapons Level 1  
  51  4:27  Probe  
  51  4:28  Probe  
  51  4:30  Phoenix (Chrono Boost)  
  55  4:36  Robotics Facility  
  55  4:40  Pylon  
  55  4:43  Probe  
  55  4:44  Probe  
  57  4:51  Phoenix (Chrono Boost)  
  59  4:58  Sentry  
  59  4:59  Probe  
  62  5:04  Probe  
  62  5:06  Pylon  
  63  5:08  Pylon  
  61  5:21  Sentry  
  61  5:24  Immortal (Chrono Boost), Phoenix (Chrono Boost)  
  69  5:32  Gateway  
  69  5:34  Gateway  
  69  5:36  Gateway  
  69  5:42  Probe  
  70  5:45  Phoenix (Chrono Boost)  
  72  5:52  Sentry  
  70  6:18  Nexus  
  70  6:19  Pylon  
  70  6:21  Pylon  
  70  6:23  Adept  
  72  6:38  Adept x3  
  78  6:40  Photon Cannon  
  78  6:42  Gateway x2, Probe  
  78  6:46  Robotics Bay  
  79  6:49  Immortal  
  79  6:59  Stalker x4  
  91  7:06  Gateway  
  91  7:09  Gateway  
  91  7:10  Pylon  
  91  7:20  Probe, Photon Cannon  
  91  7:21  Photon Cannon  
  92  7:23  Probe  
  89  7:41  Probe  
  89  7:42  Immortal  
  90  7:46  Assimilator  
  90  7:47  Probe  
  90  7:50  Assimilator  
  95  7:55  Sentry x2  
  95  7:56  Sentry x2  
  103  7:59  Probe  
  104  8:11  Probe  
  105  8:15  Probe, Robotics Facility  
  106  8:20  Colossus  
  106  8:21  Extended Thermal Lance (Chrono Boost)  
  106  8:25  Probe  
  107  8:28  Twilight Council  
  113  8:38  Stalker  
  113  8:39  Stalker  
  113  8:40  Stalker x3  
  113  8:41  Stalker, Probe  
  123  8:47  Probe, Pylon  
  125  8:59  Probe  
  126  9:06  Gateway  
  126  9:07  Colossus  
  132  9:10  Nexus  
  132  9:12  Pylon, Blink  
  132  9:14  Stalker x2  
  132  9:15  Stalker x2  
  140  9:22  Pylon  
  139  9:40  Stalker, Colossus  
  135  9:52  Stalker x4  
  141  9:53  Stalker x3  
  127  10:06  Colossus  
  133  10:13  Photon Cannon  
  133  10:15  Gateway x2  
  133  10:18  Gateway  
  133  10:19  Probe  
  133  10:20  Probe x2  
  136  10:28  Sentry  
  138  10:29  Sentry x2  
  138  10:31  Probe  
  138  10:33  Zealot x3  
  138  10:34  Zealot  
  151  10:35  Zealot  
  151  10:41  Probe  
  153  10:43  Assimilator  
  153  10:47  Assimilator  
  152  10:52  Stalker x2  
  152  10:57  Protoss Ground Weapons Level 2  
  156  11:03  Probe  
  156  11:04  Gateway  
  156  11:05  Gateway  
  156  11:09  Observer  
  157  11:13  Observer  
  159  11:19  Templar Archives  
  159  11:22  Stalker x4  
  159  11:23  Sentry  
  169  11:44  Psionic Storm  
  169  11:47  Probe  
  169  11:48  Probe  
  171  11:55  Pylon x2  
  171  11:57  Pylon  
  171  12:04  Colossus  
  171  12:12  Colossus  
  159  12:34  Stalker x3  
  159  12:35  Stalker x2  
  159  12:36  Stalker x2  
  167  12:37  Stalker  
  165  12:49  Colossus  
  163  12:56  Stalker  
  163  12:57  Stalker  
  169  12:58  Stalker x2  
  169  12:59  Stalker  
  169  13:03  Mothership Core  
  177  13:06  Colossus  
  183  13:15  Probe, High Templar x4  
  192  13:29  Nexus  
  192  13:30  Stalker x2  
  196  13:41  Pylon  
  196  13:42  Pylon  
  196  13:49  Pylon  
  196  13:51  Pylon  
  196  13:52  Warp Prism  
  196  13:53  Pylon  
  198  14:11  Pylon  
  198  14:35  Pylon  
  198  14:40  Photon Cannon  
  198  14:42  Photon Cannon  
  198  14:44  Photon Cannon  
  198  14:46  Photon Cannon  
Tags
 
Add a new tag
Caveats
  • Supply blocks, unpowered buildings, or Contaminate may cause inaccurate times.
  • Supply counts are checked every 10 seconds.